 Dungeon Crawl Stone Soup version 0.30.1-11-g7821555f0a (webtiles) character file.

Game seed: 14827499515746255712

1091 Ijustatesigmund the Conjurer (level 8, -1/78 HPs)
             Began as an Octopode Conjurer on Jan 11, 2024.
             Slain by a lemure (7 damage)
             ... led by Pikel
             ... on level 6 of the Dungeon.
             The game lasted 00:10:19 (6772 turns).

Ijustatesigmund the Conjurer (Octopode Conjurer)    Turns: 6772, Time: 00:10:19

Health: -1/78      AC:  1    Str:  6    XL:     8   Next: 31%
Magic:  15/15      EV: 13    Int: 23    God:
Gold:   256        SH:  0    Dex: 10    Spells: 6/16 levels left

rFire   . . .        h - +4 quarterstaff (flame)
rCold   . . .        (shield currently unavailable)
rNeg    . . .        (helmet restricted)
rPois   .            (no amulet)
rElec   .            m - ring of willpower
rCorr   .            p - ring of willpower
SInv    .            (no ring)
Will    ++...        (no ring) Stlth
                     (no ring)
HPRegen 0.33/turn    (no ring)
MPRegen 0.14/turn    (no ring)
                     (no ring)

%: no passive effects
@: berserking, very quick
A: almost no armour, amphibious, 8 rings, camouflage 1, gelatinous body 1,
(nimble swimmer 1), tentacles
a: no special abilities


You were on level 6 of the Dungeon.
You visited 1 branch of the dungeon, and saw 6 of its levels.

You collected 316 gold pieces.
You spent 60 gold pieces at shops.

Inventory:

Hand Weapons
 h - a +4 quarterstaff of flaming (weapon)
 i - a +2 flail of protection
Jewellery
 m - a ring of willpower (left tentacle)
 p - a ring of willpower (right tentacle)
Scrolls
 b - a scroll of enchant weapon {unknown}
 d - a scroll of immolation {unknown}
 e - a scroll of enchant armour
 f - 6 scrolls of teleportation
 g - a scroll of noise {unknown}
 k - a scroll of brand weapon
 r - a scroll of fear {unknown}
Potions
 a - 2 potions of magic
 c - 4 potions of brilliance
 j - a potion of ambrosia
 l - a potion of resistance
 n - a potion of haste
 o - 2 potions of attraction
 s - a potion of experience {unknown}
 t - a potion of might {unknown}
 u - a potion of lignification {unknown}
 v - a potion of flight {unknown}


   Skills:
 + Level 3.0 Fighting
 + Level 1.1 Staves
 - Level 2.0 Dodging
 - Level 2.6 Stealth
 + Level 4.7 Spellcasting
 + Level 6.2 Conjurations
 + Level 4.9 Translocations
 + Level 1.4 Air Magic
 + Level 1.7 Poison Magic


You had 6 spell levels left.
You knew the following spells:

 Your Spells              Type           Power      Damage    Failure   Level
a - Magic Dart            Conj           100%       1d8       1%          1
b - Searing Ray           Conj           66%        2d6       1%          2
c - Iskenderun's Mystic   Conj/Tloc      30%        2d8       10%         4
d - Mephitic Cloud        Conj/Pois/Air  19%        N/A       9%          3

Your spell library contained the following spells:

 Spells                   Type           Power      Damage    Failure   Level
 Dazzling Flash           Conj/Hex       38%        N/A       9%          3
 Call Imp                 Summ           10%        N/A       14%         2
 Ignite Poison            Fire/Tmut/Pois 8%         N/A       24%         3
 Fulminant Prism          Conj/Hex       9%         3d7       26%         4
 Sticky Flame             Conj/Fire      19%        2d4       26%         4
 Ignition                 Fire           2%         3d3       100%        8


Dungeon Overview and Level Annotations

Branches:
Dungeon (6/15)
 Temple: D:4-7

Altars:
Qazlal

Shops:
D:2 ?   D:3 [

Annotations:
D:6 Pikel, Prince Ribbit


Innate Abilities, Weirdness & Mutations

You cannot wear most types of armour.
You are amphibious.
You can wear up to eight rings at the same time.
Your skin changes colour to match your surroundings (Stealth+).
Your rubbery body absorbs attacks. (AC +1, EV +1)
((You are camouflaged when in or above water. (Stealth+)))
You have tentacles for arms and can constrict up to eight enemies at once.


Message History

Aim: a lemure (severely wounded, constricted by you, 100% to hit)
The searing ray hits the lemure!
You kill the lemure!
That felt strangely unrewarding. (Press . to maintain the ray.)
You start resting.
Magic restored.
You start resting.
HP restored.
You start waiting.
Done waiting.
You climb downwards.
Level annotation: Pikel Pikel hits you with a +1 whip of electrocution!
You are electrocuted!!
The lemure barely misses you.
There is a stone staircase leading up here.
A red film seems to cover your vision as you go berserk!
You feel yourself moving faster!
You feel mighty!
Prince Ribbit gives a loud, deep croak!
Pikel barely misses you. The lemure hits you! The lemure hits you.
* * * LOW HITPOINT WARNING * * *
You sock Pikel! You burn Pikel. Your grab misses Pikel.
Your squeeze misses Pikel.
Pikel is moderately wounded.
Pikel hits you with a +1 whip of electrocution.
* * * LOW HITPOINT WARNING * * *
The lemure barely misses you. The lemure hits you!
* * * LOW HITPOINT WARNING * * *
You hit Pikel. You burn Pikel. Your grab misses Pikel.
Pikel is heavily wounded.
Pikel waves his whip at you. Pikel barely misses you. The lemure hits you.
* * * LOW HITPOINT WARNING * * *
The lemure hits you.
* * * LOW HITPOINT WARNING * * *
You are too berserk!
You barely miss Pikel. Your grab misses Pikel. You squeeze Pikel.
Pikel is severely wounded.
The lemure barely misses you. x2; Pikel barely misses you.
The lemure hits you!
You die...

#.......................
#.................##....
#.................# #...
#.................# #..
##.................# ..
##.....#......###5#
##.###..#.##...... #.#
#..#K5## .... #.#
#.###@# #.# ..# #55..#
#.##..# ..F......
#....##........## .....
.........#
...#.##..........
#.......... .........##


You could see Prince Ribbit, Pikel and 3 lemures.

Vanquished Creatures
  Grinder (D:6)
  Edmund (D:4)
  An ogre (D:5)
  A lemure (D:5)
  A phantom (D:4)
  A scorpion (D:4)
  A quasit (D:5)
  A hound (D:4)
  Crazy Yiuf (D:4)
  Jessica (D:2)
  5 iguanas
  3 orc wizards (D:6)
  Robin (D:4)
  3 gnolls (D:2)
  8 adders
  A shadow imp (D:4)
  A white imp (D:5)
  2 ufetubi (D:5)
  A worm (D:4)
  6 dart slugs
  5 orcs
  9 endoplasms
  7 giant cockroaches
  7 hobgoblins
  3 quokkas
  4 ball pythons
  14 bats
  5 frilled lizards
  19 goblins
  5 kobolds
  7 rats
126 creatures vanquished.

Notes
Turn   | Place    | Note
-------+----------+-------------------------------------------
     0 | D:1      | Ijustatesigmund the Octopode Conjurer began the quest for
                  | the Orb.
     0 | D:1      | Reached XP level 1. HP: 11/11 MP: 3/3
   404 | D:1      | Reached XP level 2. HP: 12/18 MP: 0/5
   408 | D:1      | Learned a level 2 spell: Searing Ray
   500 | D:1      | Reached skill level 1 in Fighting
  1028 | D:1      | Reached XP level 3. HP: 23/23 MP: 3/6
  1530 | D:2      | Identified the +0 leather armour of Xiess {+Blink rN+
                  | Str+4}
  1651 | D:2      | Noticed Jessica
  1654 | D:2      | Killed Jessica
  1655 | D:2      | Reached XP level 4. HP: 29/29 MP: 2/8
  1924 | D:2      | Reached XP level 5. HP: 22/35 MP: 1/9
  2109 | D:2      | Learned a level 4 spell: Iskenderun's Mystic Blast
  2183 | D:2      | Found a stormy altar of Qazlal.
  2224 | D:2      | Found Dogg's Magic Scroll Boutique.
  2232 | D:2      | Bought a scroll of identify for 24 gold pieces
  2238 | D:2      | Bought a scroll of teleportation for 36 gold pieces
  2772 | D:3      | Reached skill level 1 in Translocations
  3227 | D:3      | Found Baerr's Armour Shoppe.
  3400 | D:3      | Reached skill level 5 in Conjurations
  3484 | D:3      | Reached XP level 6. HP: 17/41 MP: 2/11
  4646 | D:4      | Noticed Edmund
  4655 | D:4      | Killed Edmund
  4656 | D:4      | Reached XP level 7. HP: 45/45 MP: 2/12
  4857 | D:4      | Noticed Robin
  4901 | D:4      | Killed Robin
  5110 | D:4      | Found a runed translucent door.
  5111 | D:4      | Noticed Crazy Yiuf
  5329 | D:4      | Killed Crazy Yiuf
  5329 | D:4      | HP: 2/45 [poisoned by Crazy Yiuf]
  5474 | D:5      | Entered Level 5 of the Dungeon
  5551 | D:5      | Learned a level 3 spell: Mephitic Cloud
  5630 | D:5      | Reached skill level 6 in Conjurations
  5948 | D:5      | You fall into a shaft and drop 1 floor!
  6035 | D:6      | Noticed Grinder
  6063 | D:6      | Killed Grinder
  6064 | D:6      | Reached skill level 1 in Air Magic
  6064 | D:6      | Reached skill level 1 in Poison Magic
  6064 | D:6      | Reached XP level 8. HP: 51/51 MP: 6/14
  6233 | D:6      | Reached skill level 1 in Staves
  6553 | D:6      | Noticed Pikel
  6768 | D:6      | Noticed Prince Ribbit
  6772 | D:6      | Slain by a lemure

Illustrated notes

Levels and vault maps discovered:
D:1:      tarquinn_simple_flora_water_a, layout_basic, kennysheep_another_room,
          minmay_misc_feat_alley
D:2:      layout_rooms, serial_shops, shop, basic_altar, uniq_jessica
D:3:      layout_basic, serial_shops, shop, serial_bayou_pond_b,
          minmay_box_of_dots
D:4:      layout_basic, minmay_circle_x, uniq_robin, uniq_edmund,
          uniq_crazy_yiuf_cottage
D:5:      layout_basic, minmay_temple_entry_tees, serial_demonic,
          serial_demonic_c, serial_demonic_b, serial_demonic_f,
          serial_demonic_f, uniq_eustachio
D:6:      layout_rooms, mainiacjoe_overflow_catwalk_spiral, uniq_grinder,
          uniq_prince_ribbit1, uniq_pikel

Skill      XL: |  1  2  3  4  5  6  7  8 |
---------------+-------------------------+-----
Fighting       | 1 2 3 |  3.0
Spellcasting   | 3 4 |  4.7
Translocations | 2 3 4 |  4.9
Conjurations   | 5 6 |  6.2
Air Magic      | 1 |  1.4
Poison Magic   | 1 |  1.7
Staves         | 1 |  1.1
Dodging        | |  2.0
Stealth        | |  2.6

Action                     |  1- 3 |  4- 6 |  7- 9 || total
---------------------------+-------+-------+-------++-------
  Melee: Unarmed           |     8 |       |       ||     8
         Constrict         |     3 |    10 |     6 ||    19
         Tentacles         |     2 |     8 |     6 ||    16
         Hand axe          |       |    24 |       ||    24
         Flail             |       |     9 |    26 ||    35
         Quarterstaff      |       |       |     9 ||     9
   Cast: Magic Dart        |    61 |    95 |    63 ||   219
         Searing Ray       |     1 |     8 |    10 ||    19
    Use: Scroll            |       |     5 |     6 ||    11
         Potion            |       |       |     2 ||     2
 Armour: Skin              |     2 |     8 |     8 ||    18
  Dodge: Dodged            |    12 |    40 |    46 ||    98
